 Dungeon Sprint DCSS version 0.26-a0-652-gafc20e3620 (webtiles) character file.

Game seed: 16741347519708331358

18789 mhtbhm the Bludgeoner (level 12, -1/150 HPs)
             Began as a Troll Berserker on Oct 3, 2020.
             Was the Champion of Trog.
             Killed from afar by a frost giant (46 damage)
             ... with a bolt of cold
             ... in the Dungeon (Sprint IX: "|||||||||||||||||||||||||||||").
             The game lasted 00:06:01 (1940 turns).

mhtbhm the Bludgeoner (Troll Berserker)             Turns: 1940, Time: 00:06:01

Health: -1/150     AC: 16    Str: 32    XL:     12   Next: 30%
Magic:  11/11      EV: 13    Int:  3    God:    Trog [******]
Gold:   964        SH:  0    Dex:  9    Spells: 11/11 levels left

rFire    . . .     SeeInvis +   a - +12 giant spiked club of Ulinel {vorpal, rElec}
rCold    . . .     Faith    .   (shield currently unavailable)
rNeg     . . .     Spirit   .   b - +0 swamp dragon scales
rPois    +         Reflect  .   (helmet restricted)
rElec    +         Harm     .   o - +0 cloak
rCorr    .         Rampage  .   (gloves unavailable)
MR       .....     Rnd*Rage +   (boots unavailable) Stlth +.........NoTele +
                                (no amulet)
HPRegen  0.75/turn              l - +2 ring of protection
MPRegen  0.12/turn              m - +2 ring of protection

@: berserk cooldown, hasted and slowed
A: large, unfitting armour, claws 3, see invisible, berserk 1, regeneration 1,
robust 1, shaggy fur 1, tough skin 3
a: Berserk, Trog's Hand, Brothers in Arms, Renounce Religion


You were in the Dungeon.
You worshipped Trog.
Trog was exalted by your worship.
You visited 1 branch You collected 1944 gold pieces.
You spent 980 gold pieces at shops.

Inventory:

Hand Weapons
 a - the +12 giant spiked club of Ulinel (weapon) {vorpal, rElec}
   (Trog gifted it to you in the Dungeon)

   It inflicts extra damage upon your enemies.
   It insulates you from electricity.
 q - a +9 giant spiked club of flaming
Armour
 b - +0 swamp dragon scales (worn)
 o - a +0 cloak (worn)
Jewellery
 l - a +2 ring of protection (left claw)
 m - a +2 ring of protection (right claw)
 v - an uncursed ring of protection from fire
Wands
 g - a wand of paralysis (2)
 k - a wand of iceblast (9)
Scrolls
 h - 2 scrolls of blinking
 j - 5 scrolls of remove curse
 n - 3 scrolls of identify
 p - 6 scrolls of enchant weapon
Potions
 c - 6 potions of curing
 d - 10 potions of heal wounds
 e - 2 potions of haste
 f - 4 potions of magic
 i - 2 potions of might
 t - 2 potions of berserk rage
Miscellaneous
 r - a condenser vane (2/2)


   Skills:
 + Level 13.7 Fighting
 + Level 20.6 Maces & Flails
 + Level 0.5 Armour
 + Level 10.8 Dodging
 + Level 2.8 Stealth
 + Level 0.7 Evocations


You had 11 spell levels left.
You didn't know any spells.
Your spell library was empty.

Dungeon Overview and Level Annotations

Branches:
Dungeon (1/1)

Altars:
Cheibriados
Dithmenos
Elyvilon
Fedhas
Gozag
Hepliaklqana
Kikubaaqudgha
Makhleb
Nemelex Xobeh
Okawaru
Qazlal
Ru
Sif Muna
Trog
Uskayaw
Vehumet
Wu Jian
Xom
Yredelemnul
Zin
The Shining One
Beogh
Jiyva
Lugonu

Shops:
D (!:*


Innate Abilities, Weirdness & Mutations

You are too large for most types of armour.
You have claws for hands.
Your natural rate of healing is unusually fast.
You are covered in fur. (AC +1)
You have extremely tough skin. (AC +3)
You have supernaturally acute eyesight. (SInv)
You tend to lose your temper in combat.
You are robust. (+10% HP)


Message History

You see here a scroll of random uselessness.
The ogre mage mumbles some strange words.
The ogre mage seems to speed up.
Your cyclops hits the frost giant!!
The frost giant gestures at you while chanting.
The bolt of cold hits your cyclops!! The bolt of cold misses you.
Your cyclops hits the frost giant.
The frost giant hits your cyclops with a +2 battleaxe of freezing!!
The frost giant freezes your cyclops!
Your cyclops completely misses the frost giant.
The frost giant hits your cyclops with a +2 battleaxe of freezing!!
The frost giant freezes your cyclops.
Your cyclops dies!
Your cyclops's corpse disappears in a puff of smoke!
You feel yourself speed up.
Things that are here:
an uncursed ring of poison resistance; a +0 animal skin You see here a +1 pair of gloves of dexterity.
The frost giant casts a spell at you. The bolt of cold hits you!!!
You die...

.[.....)'÷........)†÷.......')†††
▓▓▓▓▓▓▓▓▓▓▓▓▓▓▓▓▓▓▓▓▓▓▓▓▓▓▓▓▓▓▓▓▓
.................)†.............)
▓▓▓▓▓▓▓▓▓▓▓▓▓▓▓▓▓▓▓▓▓▓▓▓▓▓▓▓▓▓▓▓▓
)))))))))))...)))))))......))))))
▓▓▓▓▓▓▓▓▓▓▓▓▓▓▓▓▓▓▓▓▓▓▓▓▓▓▓▓▓▓▓▓▓
............))...................
▓▓▓▓▓▓▓▓▓▓▓▓▓▓▓▓▓▓▓▓▓▓▓▓▓▓▓▓▓▓▓▓▓
..)))))))).[[[[[@[=.C.C.O.O.?)))[
▓▓▓▓▓▓▓▓▓▓▓▓▓▓▓▓▓▓▓▓▓▓▓▓▓▓▓▓▓▓▓▓▓


You could see a frost giant and a fire giant.

Vanquished Creatures
  Josephine (D)
  A yaktaur captain (D)
  2 centaur warriors (D)
  A hydra (D)
  A deep troll shaman (D)
  An ogre mage (D)
  2 two-headed ogres (D)
  4 orc high priests (D)
  5 orc knights (D)
  A deep elf mage (D)
  3 orc sorcerers (D)
  2 black mambas (D)
  Maurice (D)
  A cane toad (D)
  A rime drake (D)
  2 komodo dragons (D)
  2 kobold demonologists (D)
  3 tyrant leeches (D)
  A wyvern (D)
  3 wraiths (D)
  Grum (D)
  An acid dragon (D)
  4 water moccasins (D)
  2 porcupines (D)
  10 orc warriors (D)
  An ogre (D)
  An ice beast (D)
  4 wolves (D)
  A centaur (D)
  3 crocodiles (D)
  A bullfrog (D)
  2 jellies (D)
  A hound (D)
  4 orc wizards (D)
  2 worker ants (D)
  A gnoll (D)
  5 worms (D)
  13 orcs (D)
  2 bats (D)
  A bat skeleton (D)
  A giant cockroach (D)
  A goblin (D)
  A jackal skeleton (D)
  A jackal zombie (D)
  A kobold (D)
  A quokka skeleton (D)
  A rat (D)
105 creatures vanquished.

Notes
Turn   | Place    | Note
-------+----------+-------------------------------------------
     0 | D        | mhtbhm the Troll Berserker began the quest for the Orb.
     0 | D        | Reached XP level 1. HP: 22/22 MP: 0/0
     8 | D        | Reached skill level 3 in Maces & Flails
    17 | D        | Reached ** piety under Trog
    29 | D        | Noticed a hound
    33 | D        | Killed a hound
    33 | D        | Reached skill level 4 in Maces & Flails
    33 | D        | Reached XP level 2. HP: 32/32 MP: 1/1
    33 | D        | Reached XP level 3. HP: 39/39 MP: 2/2
    35 | D        | Reached *** piety under Trog
    47 | D        | Found a roughly hewn altar of Beogh.
    47 | D        | Found a snail-covered altar of Cheibriados.
    47 | D        | Found a shadowy altar of Dithmenos.
    47 | D        | Found a white marble altar of Elyvilon.
    47 | D        | Found a blossoming altar of Fedhas.
    47 | D        | Found an opulent altar of Gozag.
    48 | D        | Found a hazy altar of Hepliaklqana.
    49 | D        | Found a viscous altar of Jiyva.
    50 | D        | Found an ancient bone altar of Kikubaaqudgha.
    51 | D        | Found a corrupted altar of Lugonu.
    52 | D        | Found a burning altar of Makhleb.
    53 | D        | Found a sparkling altar of Nemelex Xobeh.
    54 | D        | Found an iron altar of Okawaru.
    55 | D        | Found a stormy altar of Qazlal.
    56 | D        | Found a sacrificial altar of Ru.
    57 | D        | Found a shimmering blue altar of Sif Muna.
    58 | D        | Found a bloodstained altar of Trog.
    59 | D        | Found a hide-covered altar of Uskayaw.
    60 | D        | Found a radiant altar of Vehumet.
    61 | D        | Found an ornate altar of the Wu Jian Council.
    62 | D        | Found a shimmering altar of Xom.
    63 | D        | Found a basalt altar of Yredelemnul.
    64 | D        | Found a glowing silver altar of Zin.
    65 | D        | Found a glowing golden altar of the Shining One.
   198 | D        | Noticed an ogre
   198 | D        | Noticed a centaur
   203 | D        | Reached **** piety under Trog
   203 | D        | Reached skill level 5 in Maces & Flails
   203 | D        | Reached XP level 4. HP: 48/48 MP: 3/3
   208 | D        | Killed an ogre
   208 | D        | Reached skill level 5 in Fighting
   208 | D        | Reached skill level 6 in Maces & Flails
   208 | D        | Reached skill level 5 in Dodging
   208 | D        | Reached XP level 5. HP: 57/57 MP: 4/4
   209 | D        | Reached skill level 7 in Maces & Flails
   212 | D        | Killed a centaur
   212 | D        | Reached skill level 8 in Maces & Flails
   212 | D        | Reached XP level 6. HP: 67/67 MP: 5/5
   219 | D        | Reached ***** piety under Trog
   260 | D        | Noticed a centaur warrior
   260 | D        | Noticed a kobold demonologist
   260 | D        | Noticed a deep elf mage
   260 | D        | Noticed a two-headed ogre
   268 | D        | Killed a centaur warrior
   268 | D        | Reached skill level 11 in Maces & Flails
   268 | D        | Reached XP level 7. HP: 78/78 MP: 6/6
   271 | D        | Reached XP level 8. HP: 87/87 MP: 7/7
   281 | D        | Killed a kobold demonologist
   281 | D        | Reached skill level 12 in Maces & Flails
   291 | D        | Killed a deep elf mage
   291 | D        | Received a gift from Trog
   291 | D        | Reached skill level 1 in Stealth
   295 | D        | Killed a two-headed ogre
   295 | D        | Reached skill level 13 in Maces & Flails
   295 | D        | Reached XP level 9. HP: 97/97 MP: 8/8
   427 | D        | Gained mutation: You tend to lose your temper in combat.
                  | [potion of mutation]
   427 | D        | Gained mutation: You are robust. (+10% HP) [potion of
                  | mutation]
   427 | D        | Gained mutation: You have supernaturally acute eyesight.
                  | (SInv) [potion of mutation]
   440 | D        | Noticed a cane toad
   440 | D        | Noticed a black mamba
   445 | D        | Noticed a five-headed hydra
   446 | D        | Reached skill level 14 in Maces & Flails
   450 | D        | Killed a cane toad
   452 | D        | Received a gift from Trog
   452 | D        | Reached ****** piety under Trog
   454 | D        | Killed a black mamba
   460 | D        | Killed a five-headed hydra
   460 | D        | Reached skill level 15 in Maces & Flails
   461 | D        | Reached XP level 10. HP: 117/117 MP: 9/9
   465 | D        | Noticed a black mamba
   471 | D        | Got a fine giant spiked club {god gift}
   472 | D        | Identified the +12 giant spiked club of Ulinel {vorpal,
                  | rElec} (Trog gifted it to you in the Dungeon)
   480 | D        | Killed a black mamba
   768 | D        | Reached skill level 16 in Maces & Flails
   768 | D        | Reached skill level 10 in Dodging
   773 | D        | Received a gift from Trog
   775 | D        | Reached skill level 10 in Fighting
   865 | D        | Received a gift from Trog
   878 | D        | HP: 2/122 [tyrant leech (18)]
  1051 | D        | Reached skill level 17 in Maces & Flails
  1098 | D        | Noticed Josephine
  1107 | D        | Killed Josephine
  1110 | D        | Received a gift from Trog
  1134 | D        | Noticed Grum
  1142 | D        | Killed Grum
  1142 | D        | Reached XP level 11. HP: 107/132 MP: 10/10
  1200 | D        | Received a gift from Trog
  1205 | D        | Noticed an orc knight
  1212 | D        | Noticed an orc high priest
  1213 | D        | Received a gift from Trog
  1220 | D        | Killed an orc knight
  1220 | D        | Reached skill level 18 in Maces & Flails
  1230 | D        | Killed an orc high priest
  1287 | D        | Noticed an orc knight
  1289 | D        | Noticed an orc sorcerer
  1299 | D        | Killed an orc knight
  1299 | D        | Received a gift from Trog
  1305 | D        | Killed an orc sorcerer
  1310 | D        | Received a gift from Trog
  1383 | D        | Found Hidwouje's Antique Weapon Emporium.
  1383 | D        | Noticed an orc knight
  1383 | D        | Noticed an orc knight
  1383 | D        | Noticed an orc high priest
  1385 | D        | Noticed an orc sorcerer
  1389 | D        | Killed an orc knight
  1392 | D        | Killed an orc knight
  1392 | D        | Reached skill level 19 in Maces & Flails
  1397 | D        | Killed an orc high priest
  1397 | D        | Received a gift from Trog
  1398 | D        | Found Yhaahaac's Distillery.
  1401 | D        | Killed an orc sorcerer
  1403 | D        | Noticed an orc sorcerer
  1403 | D        | Noticed an orc knight
  1407 | D        | Noticed a sixfirhy
  1407 | D        | Found Kurram's Book Emporium.
  1408 | D        | Noticed an orc high priest
  1410 | D        | Killed an orc sorcerer
  1415 | D        | Killed an orc knight
  1415 | D        | Received a gift from Trog
  1418 | D        | Killed an orc high priest
  1419 | D        | Found Puneinib's Assorted Antiques.
  1548 | D        | Noticed an orc high priest
  1555 | D        | Killed an orc high priest
  1599 | D        | Bought a potion of heal wounds for 50 gold pieces
  1599 | D        | Bought a potion of might for 40 gold pieces
  1599 | D        | Bought a potion of haste for 100 gold pieces
  1599 | D        | Bought a potion of might for 40 gold pieces
  1603 | D        | Bought a condenser vane (2/2) for 600 gold pieces
  1603 | D        | Bought a scroll labeled KILYOG PEADE for 30 gold pieces
  1603 | D        | Bought a scroll of identify for 60 gold pieces
  1603 | D        | Bought a scroll of identify for 60 gold pieces
  1670 | D        | Noticed Maurice
  1672 | D        | Paralysed by Maurice for 7 turns
  1681 | D        | Killed Maurice
  1681 | D        | Received a gift from Trog
  1894 | D        | Noticed a centaur warrior
  1898 | D        | Noticed a two-headed ogre
  1902 | D        | Killed a centaur warrior
  1902 | D        | Reached skill level 20 in Maces & Flails
  1902 | D        | Reached XP level 12. HP: 149/149 MP: 11/11
  1903 | D        | Noticed a deep troll shaman
  1906 | D        | Noticed an ogre mage
  1908 | D        | Received a gift from Trog
  1912 | D        | Killed a two-headed ogre
  1912 | D        | Noticed a yaktaur captain
  1914 | D        | Killed a deep troll shaman
  1915 | D        | Noticed a frost giant
  1916 | D        | Noticed an ogre mage
  1918 | D        | Killed an ogre mage
  1921 | D        | Noticed an ettin
  1922 | D        | Noticed a fire giant
  1923 | D        | Killed a yaktaur captain
  1940 | D        | Killed from afar by a frost giant

Illustrated notes

Levels and vault maps discovered:
D:        linesprint [early_d, line_temple, items_1, d_10, items_2, lair_1,
          lair_end, items_3, orc_1, orc_end, items_4, d_15, swamp_1, shoals_1,
          snake_1, spider_1, d_20, vaults_1, items_5, swamp_end, shoals_end,
          snake_end, spider_end, vaults_end, d_27, items_6, zot_1, zot_end,
          crypt_end, forest_end, elf_end, slime_end, tomb_end, abyss_end,
          pan_hell_end]

Skill      XL: |  1  2  3  4  5  6  7  8  9 10 11 |
---------------+----------------------------------+-----
Maces & Flails | 4 5 6 8 11 13 15 17 20 | 20.6
Dodging        | 3 4 5 6 8 9 10 | 10.8
Fighting       | 3 4 5 7 8 9 11 13 | 13.7
Stealth        | 1 2 |  2.8
Armour         | |  0.5
Evocations     | |  0.7

Action                   |  1- 3 |  4- 6 |  7- 9 | 10-12 || total
-------------------------+-------+-------+-------+-------++-------
Melee: Mace              |    27 |       |       |       ||    27
       Dire flail        |     5 |    18 |    25 |       ||    48
       Great mace        |       |       |    21 |     1 ||    22
       Giant spiked club |       |       |       |   180 ||   180
Invok: Berserk           |     1 |     2 |       |     6 ||     9
       Brothers in Arms  |       |       |       |     1 ||     1
Evoke: Wand              |       |       |       |     1 ||     1
  Use: Potion            |       |       |     1 |     5 ||     6
       Scroll            |       |       |       |     3 ||     3
 Stab: Invisible         |       |       |       |     1 ||     1
Armor: Animal skin       |    16 |     5 |     5 |    15 ||    41
       Swamp dragon scal |       |       |       |     5 ||     5
Dodge: Dodged            |    19 |     8 |    13 |    63 ||   103

Table legend: (Time is in decaauts)
 A = Elapsed time spent in this place.
 B = Non-inter-level travel time spent in this place.
 C = Inter-level travel time spent in this place.
 D = Time resting spent in this place.
 E = Time spent auto-exploring this place.
 F = Levels seen in this place.
 G = Mean time per level.
                   A        B        C        D        E       F      G
               +--------+--------+--------+--------+--------+-----+--------+
         Total |   1966 |   1966 |      0 |    938 |    172 |   1 | 1966.0 |
       Dungeon |   1966 |   1966 |      0 |    938 |    172 |   1 | 1966.0 |
               +--------+--------+--------+--------+--------+-----+--------+

Top non-repeatable levels by time:
       D: 1966 daAuts
